 Dungeon Crawl Stone Soup version 0.17-a0-1516-gf76066c (webtiles) character file.

1766 Econoterrorist the Martial Artist (level 9, 0/47 HPs)
             Began as a Vine Stalker Monk on July 13, 2015.
             Was a Priest of Makhleb.
             Killed from afar by an electric eel (11 damage)
             ... with a bolt of electricity
             ... on level 6 of the Dungeon.
             The game lasted 00:15:00 (5135 turns).

Econoterrorist the Martial Artist (VSMo)            Turns: 5135, Time: 00:15:00

Health: 0/47       AC:  2    Str: 14    XL:     9   Next: 7%
Magic:  0/10       EV: 13    Int: 13    God:    Makhleb [***...]
Gold:   215        SH:  6    Dex: 17    Spells: 0 memorised, 8 levels left

rFire  . . .     SeeInvis .       - Unarmed
rCold  . . .     Clarity  .     a - +0 robe
rNeg   . . .     SustAt   .     u - +0 buckler (curse)
rPois  .         Gourm    .     (no helmet)
rElec  .         Spirit   +     (no cloak)
rCorr  .         Warding  .     (no gloves)
rMut   .         Stasis   .     (no boots)
MR     +....                    (no amulet)
Stlth  ++........               (no ring)
                                g - ring of wizardry

@: somewhat resistant to hostile enchantments, unstealthy
A: fangs 3, regeneration 2, magic shield, antimagic bite, no device heal 3, rot
immunity
a: Minor Destruction, Lesser Servant of Makhleb, Renounce Religion


You were on level 6 of the Dungeon.
You worshipped Makhleb.
Makhleb was most pleased with you.
You were not hungry.

You visited 1 branch of the dungeon, and saw 6 of its levels.

You collected 215 gold pieces.

Inventory:

Missiles
 A - a throwing net (quivered)
Armour
 a - a +0 robe (worn)
 u - a cursed +0 buckler (worn)
Jewellery
 g - a ring of wizardry (left hand)
Scrolls
 c - 6 scrolls of remove curse {unknown}
 d - 2 scrolls of amnesia {unknown}
 h - 6 scrolls of identify {unknown}
 i - 2 scrolls of noise {unknown}
 k - 3 scrolls of enchant armour {unknown}
 p - 3 scrolls of teleportation {unknown}
 q - 2 scrolls of magic mapping {unknown}
 r - 2 scrolls of fear {unknown}
 v - 2 scrolls of blinking {unknown}
 w - a scroll of recharging {unknown}
 y - a scroll of random uselessness {unknown}
Potions
 e - 2 potions of beneficial mutation {unknown}
 f - a potion of haste {unknown}
 j - a potion of resistance {unknown}
 l - a potion of invisibility {unknown}
 m - a potion of flight {unknown}
 n - 2 potions of curing {unknown}
 s - a potion of might {unknown}
 t - a potion of degeneration {unknown}
Books
 x - a book of Ice

   Spells                             Type                      Level
   a - Ice Form                       Ice/Transmutation            4
   b - Metabolic Englaciation         Hexes/Ice                    5
   c - Ozocubu's Refrigeration        Ice                          6
   d - Bolt of Cold                   Conjuration/Ice              6
   e - Freezing Cloud                 Conjuration/Ice/Air          6
   f - Simulacrum                     Ice/Necromancy               6
Comestibles
 b - 2 bread rations
 o - 2 meat rations
 z - a slice of pizza


   Skills:
 + Level 5.1 Fighting
 - Level 2.4 Dodging
 - Level 2.4 Stealth
 - Level 5.0 Shields
 * Level 9.4 Unarmed Combat


You had 8 spell levels left.
You didn't know any spells.

Dungeon Overview and Level Annotations

Branches:
Dungeon (6/15)             Temple (0/1) D:5

Altars:
Dithmenos
Gozag
Makhleb
Ru
Trog
Vehumet
Xom
Zin


Innate Abilities, Weirdness & Mutations

You have razor-sharp teeth.
You heal very quickly.
When hurt, damage is shared between your health and your magic reserves.
Your bite disrupts and absorbs the magic of your enemies.
Potions and wands cannot restore your health.
You are immune to rotting.


Message History

The bolt of electricity misses the kobold.
The bolt of electricity hits the plant.
The bolt of electricity hits you!
You start resting.
You punch the kobold!
You kill the kobold!
Makhleb accepts your kill.
You feel better.
You start resting.
The electric eel shoots out a bolt of lightning at you!
The bolt of electricity hits you!
The electric eel shoots out a bolt of lightning at you!
The bolt of electricity hits you! The bolt of electricity misses you.
The bolt of electricity hits the electric eel.
The electric eel completely resists.
The bolt of electricity hits the plant.
You barely miss the electric eel.
The electric eel shoots out a bolt of lightning at you!
The bolt of electricity hits you!
* * * LOW HITPOINT WARNING * * *
The bolt of electricity hits you!
You die...

#.≈≈≈≈≈≈P≈ ≈≈≈
.P♣≈≈≈≈≈≈ ≈≈≈≈
≈≈≈≈P≈♣≈≈ ≈≈≈≈≈≈≈
♣♣≈≈≈≈≈≈≈≈
≈≈≈≈≈≈≈
♣≈≈P≈≈≈≈≈≈
≈≈≈≈≈≈≈
##♣♣≈≈≈P♣P≈≈ ≈≈≈≈
#..♣;♣≈≈≈P≈≈ ≈≈≈≈
#...♣;≈≈≈♣P≈
#...@≈♣P≈≈♣≈
#..#####.P♣♣≈♣♣≈
............≈P≈♣♣
♣
#..#####.##.##..
≈≈ #.##.##.## ...
#.##.....# ..
#.##.....#.#.##
#.##..........#
#.##....#####.#
##


You could see an electric eel.

Vanquished Creatures
  The ghost of sscrono2 the Sneak, an average OpAs (D:3)
  5 yaks
  An ice beast (D:4)
  An ogre (D:4)
  A water moccasin zombie (D:5)
  An electric eel (D:6)
  2 crimson imps
  An iguana (D:5)
  2 jellies (D:5)
  A gnoll shaman (D:6)
  2 hounds
  An orc wizard (D:3)
  3 worker ants
  A statue (D:6)
  10 gnolls
  2 adders (D:2)
  A shadow imp (D:5)
  6 oozes (D:1)
  2 worms
  3 giant geckos
  4 orcs
  10 bats
  A bat skeleton (D:5)
  5 giant cockroaches
  6 goblins
  10 hobgoblins
  10 jackals
  3 quokkas
  A ball python (D:2)
  2 giant newts
  9 kobolds
  10 rats
118 creatures vanquished.

Notes
Turn   | Place    | Note
--------------------------------------------------------------
     0 | D:1      | Econoterrorist the Vine Stalker Monk began the quest for the Orb.
     0 | D:1      | Reached XP level 1. HP: 11/11 MP: 2/2
     1 | D:1      | Found a runed door.
    16 | D:1      | Reached XP level 2. HP: 10/16 MP: 3/3
    38 | D:1      | Reached XP level 3. HP: 3/19 MP: 4/4
    73 | D:1      | Reached skill level 5 in Unarmed Combat
   591 | D:1      | Reached XP level 4. HP: 23/23 MP: 5/5
  1022 | D:2      | Found a shimmering altar of Xom.
  1478 | D:3      | Reached skill level 6 in Unarmed Combat
  1612 | D:3      | Noticed sscrono2's ghost (average OpAs)
  1621 | D:3      | Reached skill level 1 in Shields
  1621 | D:3      | Reached XP level 5. HP: 15/27 MP: 6/6
  1668 | D:3      | Killed sscrono2's ghost
  1668 | D:3      | Gained mutation: You heal very quickly. [Vine Stalker growth]
  1668 | D:3      | Reached XP level 6. HP: 21/32 MP: 5/7
  2604 | D:4      | Reached skill level 5 in Shields
  2604 | D:4      | Reached XP level 7. HP: 10/35 MP: 5/8
  2664 | D:4      | Found a bloodstained altar of Trog.
  2786 | D:4      | Found a sacrificial altar of Ru.
  2786 | D:4      | Found a shadowy altar of Dithmenos.
  2908 | D:4      | Found a burning altar of Makhleb.
  2933 | D:4      | Became a worshipper of Makhleb the Destroyer
  2933 | D:4      | Acquired Makhleb's first power
  2933 | D:4      | Acquired Makhleb's second power
  3095 | D:5      | Entered Level 5 of the Dungeon
  3148 | D:5      | Noticed a yak
  3150 | D:5      | Noticed a yak
  3151 | D:5      | Noticed a yak
  3152 | D:5      | Noticed a yak
  3153 | D:5      | Noticed a yak
  3166 | D:5      | Killed a yak
  3303 | D:4      | Killed a yak
  3303 | D:4      | Reached skill level 7 in Unarmed Combat
  3303 | D:4      | Gained mutation: You have razor-sharp teeth. [Vine Stalker growth]
  3303 | D:4      | Reached XP level 8. HP: 29/41 MP: 3/9
  3345 | D:4      | Killed a yak
  3543 | D:4      | Killed a yak
  3543 | D:4      | Reached skill level 8 in Unarmed Combat
  3603 | D:5      | Killed a yak
  3773 | D:5      | Found a staircase to the Ecumenical Temple.
  4031 | D:5      | Found a glowing silver altar of Zin.
  4032 | D:5      | Found an opulent altar of Gozag.
  4555 | D:5      | Reached skill level 9 in Unarmed Combat
  4750 | D:6      | Reached skill level 5 in Fighting
  4853 | D:6      | Acquired Makhleb's third power
  4853 | D:6      | Reached XP level 9. HP: 42/47 MP: 10/10
  5032 | D:6      | Found a radiant altar of Vehumet.
  5135 | D:6      | Killed from afar by an electric eel

Vault maps used:
D:1:      dpeg_arrival_caged_fury, kennysheep_crisscross
D:2:      first_bread, xom_teletrap_fun
D:3:      serial_forest, infiniplex_forest_end_3, infiniplex_forest_straight_2,
          infiniplex_forest_fountain, infiniplex_forest_straight_3,
          infiniplex_forest_lined_room_3, infiniplex_forest_end_2,
          infiniplex_forest_clump_double, infiniplex_forest_corner_2,
          infiniplex_forest_lined_3_way, kennysheep_big_empty_room
D:4:      makhleb_blood_cavern_becter, old_standard_altar,
          gammafunk_temple_overflow_elements
D:5:      grunt_temple_overflow_gold_and_silver, minmay_temple_entry_overgrown
D:6:      tso_oasis_becter, vehumet_statue, serial_bayou_lake_a

Action                   |  1- 3 |  4- 6 |  7- 9 || total
-------------------------+-------+-------+-------++-------
Melee: Unarmed           |    96 |   142 |   197 ||   435
 Stab: Sleeping          |       |     9 |     6 ||    15
  Eat: Chunk             |       |     3 |     2 ||     5
       Bread ration      |       |     1 |       ||     1
       Meat ration       |       |       |     1 ||     1
       Beef jerky        |       |       |     1 ||     1
